 Dungeon Crawl Stone Soup version 0.31-a0-986-g5e6e4ef867 (webtiles) character file.

Game seed: 9023440063702805701

120 benadryl the Caller (level 5, -1/41 HPs)
             Began as a Merfolk Summoner on Nov 12, 2023.
             Slain by an orc wizard
             ... wielding a +0 dagger
              (2 damage)
             ... on level 2 of the Dungeon.
             The game lasted 00:04:14 (2085 turns).

benadryl the Caller (Merfolk Summoner)              Turns: 2085, Time: 00:04:14

Health: -1/41      AC:  2    Str:  9    XL:     5   Next: 4%
Magic:  1/8        EV: 17    Int: 16    God:
Gold:   144        SH:  0    Dex: 14    Spells: 2/8 levels left

rFire   . . .        c - +0 short sword
rCold   . . .        (no shield)
rNeg    . . .        a - +0 robe
rPois   .            (no helmet)
rElec   .            (no cloak)
rCorr   .            (no gloves)
SInv    .            (no boots)
Will    +....        (no amulet)
Stlth   ++           g - +5 ring of evasion
HPRegen 0.26/turn    i - ring of willpower
MPRegen 0.11/turn

%: no passive effects
@: confusing by touch, very slightly contaminated
A: (nimble swimmer 2), mertail
a: no special abilities


You were on level 2 of the Dungeon.
You visited 1 branch of the dungeon, and saw 3 of its levels.

You collected 144 gold pieces.

Inventory:

Hand Weapons
 c - a +0 short sword (weapon)
Armour
 a - a +0 robe (worn)
Jewellery
 g - a +5 ring of evasion (left hand)
 h - a ring of fire
 i - a ring of willpower (right hand)
Potions
 b - a potion of magic
 f - a potion of attraction {unknown}
 j - a potion of haste {unknown}
 k - a potion of mutation {unknown}


   Skills:
 - Level 3.0 Fighting
 - Level 2.6 Dodging
 - Level 2.1 Stealth
 - Level 2.0 Spellcasting
 * Level 3.3 Hexes
 - Level 4.0 Summonings


You had 2 spell levels left.
You knew the following spells:

 Your Spells              Type           Power      Damage    Failure   Level
a - Summon Small Mammal   Summ           56%        N/A       4%          1
b - Call Imp              Summ           28%        N/A       6%          2
c - Confusing Touch       Hex            12%        N/A       16%         3

Your spell library contained the following spells:

 Spells                   Type           Power      Damage    Failure   Level
 Slow                     Hex            48%        N/A       5%          1
 Call Canine Familiar     Summ           14%        N/A       12%         3
 Summon Guardian Golem    Hex/Summ       13%        N/A       14%         3
 Sigil of Binding         Hex            12%        N/A       16%         3
 Tukima's Dance           Hex            12%        N/A       16%         3
 Vampiric Draining        Necr           1%         2d6       52%         3
 Summon Lightning Spire   Summ/Air       8%         N/A       65%         4
 Passage of Golubria      Tloc           1%         N/A       90%         4
 Yara's Violent Unravell  Hex/Tmut       3%         3d4       96%         5


Dungeon Overview and Level Annotations

Branches:
Dungeon (3/15)

Altars:


Innate Abilities, Weirdness & Mutations

((You are very nimble when in or above water. (Stealth+, EV+, Speed+++)))
Your lower body shifts to a powerful aquatic tail in water.


Message History

The orc misses you. The orc hits you with a +0 hand axe.
* * * LOW HITPOINT WARNING * * *
The goblin barely misses you. The orc wizard barely misses you.
Your cerulean imp hits the goblin with a -3 spear.
The goblin dies!
The orc misses you.
The orc wizard attacks as it pursues you!
The orc wizard barely misses you.
Items here: ) [ ††.
You miss the orc wizard. The orc closely misses you.
The orc misses your cerulean imp. The orc barely misses you.
The orc wizard hits you with a +0 dagger.
* * * LOW HITPOINT WARNING * * *
Your cerulean imp barely misses the orc wizard.
You closely miss the orc wizard. The orc hits you with a +0 hand axe.
* * * LOW HITPOINT WARNING * * *
The orc hits your cerulean imp with a +0 hand axe.
The orc closely misses you.
The orc wizard hits you but does no damage.
Your cerulean imp hits the orc wizard from afar with a -3 spear.
It was a potion of curing.
You feel better. The orc barely misses you.
The orc closely misses your cerulean imp.
The orc closely misses you. The orc wizard barely misses you.
Your cerulean imp hits the orc wizard from afar with a -3 spear.
You hit the orc wizard but do no damage.
The orc wizard is moderately wounded.
The orc completely misses you.
The orc barely misses your cerulean imp.
The orc hits you with a +0 hand axe.
* * * LOW HITPOINT WARNING * * *
The orc wizard barely misses you.
Your cerulean imp hits the orc wizard from afar with a -3 spear.
You closely miss the orc wizard.
The orc wizard is heavily wounded.
The orc closely misses you.
The orc closely misses your cerulean imp.
The orc hits you with a +0 hand axe.
* * * LOW HITPOINT WARNING * * *
The orc wizard hits you with a +0 dagger.
You die...

#<.# #......)..........<..#.#
#††#####.....#...####..###.#.#
#..##.##.....)).....†>.# #.#.#
#....#.#....[#...#####.###.#..
#.###.##....)#...# #......## #.#
#.#....##....# #####.... #[#
#.#.#####.#..#########..##
#.###.#[#####.#.............##
####........).##@#.#####........)
.....<....)##..ooo5#####.#####.##
####..##.#######...........###.##
#..##.# #########.#.......
#..##.# #.#####.## #..##.# #.#
#.## #..##.# #.# #... #.....# #.#
#### #..#### #.# #


You could see an orc wizard (ally target), 2 orcs and a friendly cerulean imp
(summoned).

Vanquished Creatures
  Robin (D:2)
  A worm (D:2)
  2 dart slugs (D:2)
  An orc (D:2)
  4 ball pythons
  An endoplasm (D:2)
  3 hobgoblins
  3 jackals (D:2)
  3 kobolds
  A quokka (D:2)
  3 bats (D:1)
  4 frilled lizards
  5 goblins (D:2)
  3 rats (D:1)
35 creatures vanquished.

Vanquished Creatures (collateral kills)
  A sleepcap (D:2)
  2 adders (D:2)
  A worm (D:2)
  An endoplasm (D:2)
  6 goblins (D:2)
  2 hobgoblins (D:2)
  3 jackals (D:2)
  A ball python (D:2)
  A bat (D:2)
  A kobold (D:2)
19 creatures vanquished.

Grand Total: 54 creatures vanquished

Notes
Turn   | Place    | Note
-------+----------+-------------------------------------------
     0 | D:1      | benadryl the Merfolk Summoner began the quest for the Orb.
     0 | D:1      | Reached XP level 1. HP: 13/13 MP: 3/3
   117 | D:1      | Reached skill level 1 in Fighting
   266 | D:1      | Reached XP level 2. HP: 22/22 MP: 5/5
   300 | D:1      | Learned a level 2 spell: Call Imp
   809 | D:2      | Reached XP level 3. HP: 28/28 MP: 3/6
  1032 | D:2      | Reached XP level 4. HP: 11/35 MP: 4/7
  1506 | D:2      | Noticed Robin
  1515 | D:3      | Identified the "Qiofrodo"
  1687 | D:2      | Killed Robin
  1967 | D:2      | Learned a level 3 spell: Confusing Touch
  2009 | D:2      | Reached XP level 5. HP: 34/41 MP: 1/8
  2082 | D:2      | HP: 1/41 [orc/+0 hand axe (4)]
  2085 | D:2      | Slain by an orc wizard

Illustrated notes

Levels and vault maps discovered:
D:1:      mrwooster_arrival_statue_3, layout_loops_ring,
          nicolae_twisty_statue_hallways
D:2:      layout_loops_ring, uniq_robin
D:3:      layout_basic, old_standard_altar, nicolae_overflow_crystal_walls,
          mainiacjoe_overflow_surrounded_room,
          dreamdust_ecumenical_altar_angels_and_demons,
          nicolae_concentric_dashed_squares_wild, minmay_goblin_kobold_house,
          uniq_grinder

Skill      XL: |  1  2  3  4 |
---------------+-------------+-----
Fighting       | 1 2 3 |  3.0
Hexes          | 2 3 |  3.3
Dodging        | |  2.6
Stealth        | |  2.1
Spellcasting   | |  2.0
Summonings     | |  4.0

Action                     |  1- 3 |  4- 6 || total
---------------------------+-------+-------++-------
  Melee: Short sword       |    64 |    91 ||   155
         Unarmed           |    15 |       ||    15
         Punch             |     1 |     3 ||     4
   Cast: Summon Small Mamm |     2 |     1 ||     3
         Call Imp          |     6 |    15 ||    21
         Confusing Touch   |       |     2 ||     2
    Use: Potion            |       |     2 ||     2
         Scroll            |       |     1 ||     1
   Stab: Sleeping          |     3 |       ||     3
         Distracted        |     1 |       ||     1
 Armour: Robe              |    35 |    61 ||    96
  Dodge: Dodged            |    66 |   145 ||   211

Table legend: (Time is in decaauts)
 A = Elapsed time spent in this place.
 B = Non-inter-level travel time spent in this place.
 C = Inter-level travel time spent in this place.
 D = Time resting spent in this place.
 E = Time spent auto-exploring this place.
 F = Levels seen in this place.
 G = Mean time per level.
                   A        B        C        D        E       F      G
               +--------+--------+--------+--------+--------+-----+--------+
         Total |   2087 |   2044 |     43 |    343 |   1210 |   3 |  695.7 |
       Dungeon |   2087 |   2044 |     43 |    343 |   1210 |   3 |  695.7 |
               +--------+--------+--------+--------+--------+-----+--------+

Top non-repeatable levels by time:
     D:2: 1272 daAuts
     D:1: 808 daAuts
     D:3: 6 daAuts
